 Dungeon Crawl Stone Soup version 0.28.0-43-g3370ac3207 (webtiles) character file.

Game seed: 15375174614985497035

254 Revguard the Ducker (level 5, -6/41 HPs)
             Began as a Demonspawn Gladiator on Mar 14, 2022.
             Mangled by a two-headed ogre
             ... wielding a +0 giant spiked club
              (11 damage)
             ... on level 4 of the Dungeon.
             The game lasted 00:10:27 (3380 turns).

Revguard the Ducker (Demonspawn Gladiator)          Turns: 3380, Time: 00:10:27

Health: -6/41      AC: 13    Str: 19 (22) XL:     5   Next: 91%
Magic:  5/5        EV: 16    Int:  6 (9)  God:
Gold:   192        SH:  4    Dex: 16 (17) Spells: 4/4 levels left

rFire   . . .      SeeInvis .   a - +0 war axe
rCold   + . .      Faith    .   (no shield)
rNeg    . . .      Spirit   .   j - +0 ring mail {rC+}
rPois   .          Reflect  .   c - +0 helmet
rElec   .          Harm     .   h - +0 cloak
rCorr   .          Rampage  .   (no gloves)
Will    .....                   (no boots)
Stlth   +.........              (no amulet)
HPRegen 0.13/turn               f - +4 ring of evasion
MPRegen 0.09/turn               i - +6 ring of strength

@: no status effects
A: molten scales 1, icemail 1, condensation shield, agile 1
a: no special abilities


You were on level 4 of the Dungeon.
You visited 1 branch of the dungeon, and saw 4 of its levels.

You collected 192 gold pieces.

Inventory:

Hand Weapons
 a - a +0 war axe (weapon)
Missiles
 d - 3 throwing nets (quivered)
Armour
 c - a +0 helmet (worn)
 h - a +0 cloak (worn)
 j - a +0 ring mail of cold resistance (worn)
Jewellery
 f - a +4 ring of evasion (left hand)
 i - a +6 ring of strength (right hand)
 k - a ring of resist corrosion
Wands
 l - a wand of polymorph (6)
Scrolls
 g - a scroll of teleportation
 m - a scroll of identify {unknown}
 n - a scroll of holy word {unknown}


   Skills:
 + Level 3.2 Fighting
 + Level 3.5 Axes
 - Level 1.7 Throwing
 * Level 3.0 Armour
 + Level 3.5 Dodging
 + Level 1.1 Evocations


You had 4 spell levels left.
You didn't know any spells.
Your spell library contained the following spells:

 Spells                   Type           Power      Damage    Failure   Level
 Corpse Rot               Necr/Air       0%         N/A       77%         2
 Confusing Touch          Hex            0%         N/A       94%         3
 Tukima's Dance           Hex            0%         N/A       94%         3
 Dispel Undead            Necr           0%         3d6       100%        4
 Passage of Golubria      Tloc           0%         N/A       100%        4
 Yara's Violent Unravell  Hex/Tmut       0%         3d3       100%        5
 Death Channel            Necr           0%         N/A       100%        6
 Enfeeble                 Hex            0%         N/A       100%        7


Dungeon Overview and Level Annotations

Branches:
Dungeon (4/15)
 Temple: D:4-7

Altars:
Cheibriados
Qazlal

Annotations:
D:4 1 runed translucent door, ShadedSkies's ghost, amateur TeAE


Innate Abilities, Weirdness & Mutations

You are partially covered in molten scales. (AC +2)
A meltable icy envelope protects you from harm. (AC +4)
A meltable shield of frost defends you. (SH +4)
You are agile. (Dex +2)


Message History

The howler monkey closely misses you. The howler monkey misses you.
You closely miss the howler monkey.
The howler monkey is lightly wounded.
The howler monkey barely misses you.
A two-headed ogre comes into view.
It is wielding a +0 giant spiked club and a +0 giant club.
You closely miss the howler monkey.
The howler monkey is lightly wounded.
The howler monkey hoots and howls with incredible vigour!
You block the howler monkey's attack.
You slash the howler monkey!
The howler monkey is heavily wounded.
The howler monkey closely misses you.
You barely miss the two-headed ogre. You hit the two-headed ogre.
The two-headed ogre is lightly wounded.
The two-headed ogre hits you but does no damage.
You block the two-headed ogre's attack.
You slash the two-headed ogre!
The two-headed ogre is moderately wounded.
The two-headed ogre hits you with a +0 giant spiked club!
The two-headed ogre barely misses you. x2; The two-headed ogre misses you.
You hit the two-headed ogre.
The two-headed ogre is moderately wounded.
The two-headed ogre closely misses you. x2
You barely miss the two-headed ogre.
The two-headed ogre is moderately wounded.
The two-headed ogre hits you with a +0 giant spiked club!!
Ouch! That really hurt!
* * * LOW HITPOINT WARNING * * *
You block the two-headed ogre's attack.
You slash the two-headed ogre!
The two-headed ogre is heavily wounded.
The two-headed ogre misses you. The two-headed ogre barely misses you.
It was a potion of degeneration.
There was something very wrong with that liquid.
You feel weakened.
You feel dopey.
You feel clumsy.
It was a potion of mutation.
You feel extremely strange.
You feel agile.
The two-headed ogre hits you with a +0 giant spiked club!
You die...

......# #..........
#.##### #....#.### #.#
#....#.# #.# #......#
#.# ##....## #.#
#....#######.#
#.############.#.h.....#
.........# #.#O####.....
###..###.# ###.#@### ##.
###..###.###.......#
##.............#.#.#
##...###.###.###.....
##...###.# #. ###.###
..(.....># #. ##.######
####.#####
#.####.......# #.#
...#.....##.# ##.##
..........#.#


You could see a two-headed ogre and a howler monkey.

Vanquished Creatures
  A necrophage (D:4)
  A hound (D:4)
  An iguana (D:4)
  2 adders
  4 worms
  4 dart slugs
  2 orcs
  6 bats
  3 endoplasms
  2 giant cockroaches
  5 goblins
  6 hobgoblins
  11 jackals
  6 kobolds
  3 quokkas
  3 ball pythons
  4 frilled lizards
  A jackal skeleton (D:4)
  13 rats
78 creatures vanquished.

Notes
Turn   | Place    | Note
-------+----------+-------------------------------------------
     0 | D:1      | Revguard the Demonspawn Gladiator began the quest for the
                  | Orb.
     0 | D:1      | Reached XP level 1. HP: 16/16 MP: 1/1
    54 | D:1      | Gained mutation: A meltable shield of frost defends you.
                  | (SH +4) [demonic ancestry]
    54 | D:1      | Reached XP level 2. HP: 4/22 MP: 2/2
   442 | D:1      | Reached skill level 1 in Armour
   834 | D:1      | Gained mutation: A meltable icy envelope protects you from
                  | harm. (AC +4) [demonic ancestry]
   834 | D:1      | Reached XP level 3. HP: 28/28 MP: 3/3
  1566 | D:2      | Found a faded altar of an unknown god.
  2176 | D:3      | Found a snail-covered altar of Cheibriados.
  2344 | D:3      | Gained mutation: You are partially covered in molten
                  | scales. (AC +2) [demonic ancestry]
  2344 | D:3      | Reached XP level 4. HP: 34/34 MP: 4/4
  3052 | D:4      | Found a stormy altar of Qazlal.
  3126 | D:4      | Noticed a necrophage
  3133 | D:4      | Killed a necrophage
  3134 | D:4      | Reached XP level 5. HP: 37/41 MP: 5/5
  3200 | D:4      | Found a runed translucent door.
  3203 | D:4      | Noticed ShadedSkies's ghost (amateur TeAE)
  3215 | D:4      | Reached skill level 1 in Evocations
  3367 | D:4      | Noticed a two-headed ogre
  3380 | D:4      | Gained mutation: You are agile. (Dex +2) [potion of
                  | mutation]
  3380 | D:4      | Mangled by a two-headed ogre

Illustrated notes

Levels and vault maps discovered:
D:1:      amcnicky_arrival_underground_garden, layout_rooms
D:2:      layout_loops_corners, hellmonk_ecumenical_altar_crossroads,
          dk_noncrumbling_4
D:3:      layout_basic, kennysheep_slug_shrine, minmay_misc_feat_diagonals
D:4:      layout_loops_cross, nicolae_qazlal_scattered_showers,
          ebering_ghost_sewer_d, st_stairs_10

Skill      XL: |  1  2  3  4  5 |
---------------+----------------+-----
Armour         | 1 2 3 |  3.0
Dodging        | 3 |  3.5
Axes           | 3 |  3.5
Fighting       | 3 |  3.2
Evocations     | 1 |  1.1
Throwing       | |  1.7

Action                   |  1- 3 |  4- 6 || total
-------------------------+-------+-------++-------
Melee: War axe           |   130 |    90 ||   220
       Punch             |     1 |     2 ||     3
Throw: Throwing net      |     2 |       ||     2
  Use: Scroll            |       |     3 ||     3
       Potion            |       |     3 ||     3
Armor: Leather armour    |    32 |       ||    32
       Ring mail         |    24 |    21 ||    45
Dodge: Dodged            |   112 |    73 ||   185
Block: Other             |    26 |    19 ||    45
